Ducks vs Kings

Created - 13 janvier 2018 at 15:55

Goals
1 2 3 T
Ducks 0 0 1 1
Kings 2 1 1 4
Shots
1 2 3 T
Ducks 5 5 10 20
Kings 15 10 12 37

1st period

1. Kings , PK Subban 9 (Henrik Sedin 31) at 6:20 (PP)
2. Kings , Jaden Schwartz 18 (Zdeno Chara 24, Cody Ceci 14) at 11:12 (PP)

Penalties :
PK Subban (LAK) for Slashing (Minor) at 0:08, Petteri Wirtanen (ANA) for Hooking (Minor) at 5:01, Charles Linglet (ANA) for Tripping (Minor) at 10:15, Zenon Konopka (LAK) for Interference (Minor) at 12:36, Craig Weller (ANA) for Hooking (Minor) at 15:09

2nd period

3. Kings , Jay Bouwmeester 5 (Henrik Sedin 32, Marian Hossa 33) at 2:04

Penalties :
Mike Richards (ANA) for Hooking (Minor) at 8:22, Connor Sheary (LAK) for Hooking (Minor) at 9:01, Petteri Wirtanen (ANA) for Roughing (Minor) at 12:16, Dan Girardi (ANA) for Hooking (Minor) at 14:33

3rd period

4. Ducks , Mike Richards 21 (Jiri Hudler 10, Ryane Clowe 14) at 14:16
5. Kings , Marian Hossa 24 (Erik Karlsson 21, PK Subban 25) at 16:59

Penalties :
Charles Linglet (ANA) for Hooking (Minor) at 4:41, Vladimir Tarasenko (LAK) for Holding (Minor) at 9:09, Charles Linglet (ANA) for Hooking (Minor) at 9:09, Marian Hossa (LAK) for High sticking (Minor) at 17:41

Goalie Stats

Jonathan Boutin (ANA), 33 saves from 37 shots - (0,892), L, 17-14-2, 60:00 minutes
Connor Hellebuyck (LAK), 19 saves from 20 shots - (0,950), W, 14-10-3, 60:00 minutes

Players Stats for Ducks

Player Name              G  A  P  +/- PIM S  H  SB GA TA FO     MP     PP MP  PK MP  
------------------------------------------------------------------------------------
Adam Taylor              0  0  0  -1  0   1  2  0  0  0  0/1    14:34   3:17   0:00 
Alexandre R. Picard      0  0  0   0  0   0  0  1  0  0  0/0    16:01   0:00   1:07 
Bill Thomas              0  0  0   0  0   0  0  0  0  0  1/3     6:20   0:00   0:00 
Brooks Laich             0  0  0  -1  0   1  1  0  0  0  6/17   19:52   0:00   6:09 
Charles Linglet          0  0  0   0  6   2  2  0  0  0  0/0    13:18   3:19   0:00 
Christopher Tanev        0  0  0   0  0   0  2  2  0  0  0/0    21:54   0:46   6:10 
Craig Weller             0  0  0   0  2   1  4  0  0  0  0/0    16:20   3:46   0:00 
Dan Girardi              0  0  0   0  2   1  5  1  0  0  0/0    25:52   3:46   4:48 
David Moss               0  0  0   0  0   0  0  2  0  0  1/4    15:06   0:00   5:04 
Jiri Hudler              0  1  1   0  0   3  0  0  0  0  1/2    20:49   3:19   5:02 
Justin Braun             0  0  0  -2  0   4  2  4  0  0  0/0    26:05   2:50   5:47 
Marcus Johansson         0  0  0   0  0   1  1  0  0  0  0/0     6:20   0:00   0:00 
Mike Richards            1  0  1   0  2   3  4  1  0  0  19/27  20:38   3:17   4:54 
Nicklas Bergfors         0  0  0   0  0   0  1  0  0  0  0/1     5:41   0:00   0:14 
Petteri Wirtanen         0  0  0   0  4   1  3  0  0  0  11/21  13:19   3:19   0:00 
Raphael Diaz             0  0  0   0  0   0  0  0  0  0  0/0    13:46   2:04   3:50 
Ryan Johansen            0  0  0  -1  0   1  0  0  0  0  12/21  17:00   3:17   0:00 
Ryane Clowe              0  1  1   0  0   1  0  0  0  0  0/2    12:47   0:00   0:19 

Players Stats for Kings

Player Name              G  A  P  +/- PIM S  H  SB GA TA FO     MP     PP MP  PK MP  
------------------------------------------------------------------------------------
Brad Richards            0  0  0   0  0   1  0  0  0  0  6/16   17:51   0:00   2:49 
Cody Ceci                0  1  1   0  0   0  0  1  0  0  0/0    11:43   7:06   2:46 
Connor Sheary            0  0  0   0  2   2  0  0  0  0  0/2    17:37   5:36   0:58 
Erik Karlsson            0  1  1   0  0   3  0  2  0  0  0/0    17:06   3:45   0:00 
Gabriel Dumont           0  0  0   0  0   0  0  0  0  0  0/0     0:00   0:00   0:00 
Henrik Sedin             0  2  2   1  0   2  0  1  0  0  20/35  22:40   5:14   2:18 
Jaden Schwartz           1  0  1   0  0   4  4  1  0  0  3/12   20:42   5:37   0:00 
Jay Bouwmeester          1  0  1   1  0   1  3  1  0  0  0/0    16:06   0:00   2:46 
Justin Schultz           0  0  0   1  0   1  0  1  0  0  0/0    13:46   0:00   0:00 
Marian Hossa             1  1  2   1  2   7  7  0  0  0  2/3    19:52   5:14   0:00 
Max Pacioretty           0  0  0   1  0   7  0  0  0  0  1/2    19:29   5:14   0:00 
PK Subban                1  1  2   0  2   3  2  0  0  0  0/0    18:30   3:45   0:00 
Shawn Thornton           0  0  0   0  0   0  0  0  0  0  0/0     0:00   0:00   0:00 
Stephen Weiss            0  0  0   0  0   2  0  0  0  0  15/27  15:53   0:00   4:04 
Tyson Barrie             0  0  0   0  0   0  0  0  0  0  0/0    17:51   0:00   3:50 
Vladimir Tarasenko       0  0  0   0  2   2  0  0  0  0  0/1    20:14   5:37   0:00 
Zdeno Chara              0  1  1   0  0   2  0  1  0  0  0/0    24:57   7:06   3:50 
Zenon Konopka            0  0  0   0  2   0  7  0  0  0  1/1    15:43   0:00   3:03 

3 Stars

1 - Marian Hossa (LAK)
2 - Jay Bouwmeester (LAK)
3 - Jaden Schwartz (LAK)

Power Play

Ducks - 0 on 4 Attempt(s) - 0,00%
Kings - 2 on 7 Attempt(s) - 28,57%

Penalty Kill

Ducks - 5 on 7 Attempt(s) - 71,43% - Score 0 goal in Penalty Kill
Kings - 4 on 4 Attempt(s) - 100,00% - Score 0 goal in Penalty Kill

Team Stat

Ducks - Hits : 27 - Faceoff Wins : 51 - Blocked Shots : 11 - Penalty Minutes : 16
Kings - Hits : 23 - Faceoff Wins : 48 - Blocked Shots : 8 - Penalty Minutes : 10

Official

Referees : Geoff Miller and Mark Lemelin
Linesman : Neil Campbell and Andrew Stammers

Game Notes

Raphael Diaz is injured at 18:46 of 2nd period (Bruised Left Shoulder)

Finance

Level 1 -- Attendance: 5911 (98,52%) -- Ticket Income 650 210 $
Level 2 -- Attendance: 4864 (97,28%) -- Ticket Income 340 480 $
Level 3 -- Attendance: 1631 (74,47%) -- Ticket Income 89 705 $
Level 4 -- Attendance: 3521 (88,03%) -- Ticket Income 123 235 $
Luxury Box -- Attendance: 1384 (92,27%) -- Ticket Income 415 200 $
Game was played at the HSBC Arena.
Total Attendance: 17311 (92,62%)
Total Ticket Income: 1 618 830 $
Other Income: 793 227 $
Total Income: 2 412 057 $

Ducks

5 vs 5 Forward 
   Center                   Left Wing                Right Wing               Time % Phy DF OF 
 1 Mike Richards            Jiri Hudler              Ryane Clowe              32     0   3  2  
 2 Ryan Johansen            Brooks Laich             Adam Taylor              30     0   3  2  
 3 Petteri Wirtanen         Charles Linglet          David Moss               28     0   4  1  
 4 Bill Thomas              Nicklas Bergfors         Marcus Johansson         10     0   4  1  

5 vs 5 Defense 
   Defense                  Defense                                           Time % Phy DF OF 
 1 Raphael Diaz             Dan Girardi                                       38     0   2  3  
 2 Christopher Tanev        Justin Braun                                      37     0   2  3  
 3 Alexandre R. Picard      Craig Weller                                      25     0   4  1  
 4 Dan Girardi              Christopher Tanev                                 0      0   5  0  

PowerPlay Forward 
   Center                   Left Wing                Right Wing               Time % Phy DF OF 
 1 Mike Richards            Ryan Johansen            Adam Taylor              60     0   0  5  
 2 Petteri Wirtanen         Charles Linglet          Jiri Hudler              40     0   0  5  

PowerPlay Defense
   Defense                  Defense                                           Time % Phy DF OF 
 1 Justin Braun             Raphael Diaz                                      60     0   0  5  
 2 Craig Weller             Dan Girardi                                       40     0   0  5  

Penalty Kill 4 Players Forward 
   Center                   Wing                     Time % Phy DF OF 
 1 Brooks Laich             Jiri Hudler              55     0   5  0  
 2 Mike Richards            David Moss               45     0   5  0  

Penalty Kill 4 Players Defense
   Defense                  Defense                  Time % Phy DF OF 
 1 Dan Girardi              Christopher Tanev        55     0   5  0  
 2 Justin Braun             Raphael Diaz             45     0   5  0  

Penalty Kill - 3 Players Forward 
   Forward                                           Time % Phy DF OF 
 1 Brooks Laich                                      55     0   5  0  
 2 Mike Richards                                     45     0   5  0  

Penalty Kill - 3 Players Defense
   Defense                  Defense                  Time % Phy DF OF 
 1 Dan Girardi              Christopher Tanev        55     0   5  0  
 2 Justin Braun             Raphael Diaz             45     0   5  0  

4 vs 4 Forward 
   Center                   Wing                     Time % Phy DF OF 
 1 Ryan Johansen            Brooks Laich             55     0   3  2  
 2 Bill Thomas              Marcus Johansson         45     0   3  2  

4 vs 4 Defense
   Defense                  Defense                  Time % Phy DF OF 
 1 Alexandre R. Picard      Justin Braun             55     0   4  1  
 2 Raphael Diaz             Dan Girardi              45     0   4  1  

Last Minutes Offensive
   Center                   Left Wing                Right Wing               Defense                  Defense                  
   Mike Richards            Adam Taylor              Ryan Johansen            Raphael Diaz             Justin Braun             

Last Minutes Defensive
   Center                   Left Wing                Right Wing               Defense                  Defense                  
   Jiri Hudler              Mike Richards            Brooks Laich             Dan Girardi              Christopher Tanev        

Goaltenders
Starting : Jonathan Boutin          
Backup : Adam Dennis              

Extra Forwards
Normal : Adam Taylor, Ryan Johansen, Ryane Clowe - PP : Ryan Johansen, Ryane Clowe - PK : Ryane Clowe
Extra Defensemen
Normal : Justin Braun, Raphael Diaz, Dan Girardi - PP : Justin Braun - PK : Dan Girardi, Justin Braun
Penalty Shots
Mike Richards, Ryan Johansen, Adam Taylor, Jiri Hudler, Ryane Clowe
Custom OT Lines Forwards
Ryan Johansen, Marcus Johansson, Mike Richards, Adam Taylor, Nicklas Bergfors, David Moss, Petteri Wirtanen, Jiri Hudler, Brooks Laich, Charles Linglet
Custom OT Lines Defensemen
Justin Braun, Christopher Tanev, Raphael Diaz, Dan Girardi, Alexandre R. Picard

Scratches
Bryan Allen (Healthy), Nick Spaling (Healthy)

Kings

5 vs 5 Forward 
   Center                   Left Wing                Right Wing               Time % Phy DF OF 
 1 Henrik Sedin             Max Pacioretty           Marian Hossa             34     0   2  3  
 2 Brad Richards            Jaden Schwartz           Vladimir Tarasenko       34     0   2  3  
 3 Stephen Weiss            Zenon Konopka            Connor Sheary            32     0   2  3  
 4 Henrik Sedin             Jaden Schwartz           Vladimir Tarasenko       0      1   2  2  

5 vs 5 Defense 
   Defense                  Defense                                           Time % Phy DF OF 
 1 Erik Karlsson            PK Subban                                         35     0   3  2  
 2 Tyson Barrie             Zdeno Chara                                       35     0   3  2  
 3 Jay Bouwmeester          Justin Schultz                                    30     0   3  2  
 4 Justin Schultz           Jay Bouwmeester                                   0      1   2  2  

PowerPlay Forward 
   Center                   Left Wing                Right Wing               Time % Phy DF OF 
 1 Henrik Sedin             Max Pacioretty           Marian Hossa             55     0   0  5  
 2 Jaden Schwartz           Connor Sheary            Vladimir Tarasenko       45     0   0  5  

PowerPlay Defense
   Defense                  Defense                                           Time % Phy DF OF 
 1 PK Subban                Erik Karlsson                                     50     0   0  5  
 2 Zdeno Chara              Cody Ceci                                         50     0   0  5  

Penalty Kill 4 Players Forward 
   Center                   Wing                     Time % Phy DF OF 
 1 Stephen Weiss            Zenon Konopka            60     0   5  0  
 2 Henrik Sedin             Brad Richards            40     0   5  0  

Penalty Kill 4 Players Defense
   Defense                  Defense                  Time % Phy DF OF 
 1 Jay Bouwmeester          Cody Ceci                60     0   5  0  
 2 Zdeno Chara              Tyson Barrie             40     0   5  0  

Penalty Kill - 3 Players Forward 
   Forward                                           Time % Phy DF OF 
 1 Henrik Sedin                                      50     0   5  0  
 2 Stephen Weiss                                     50     0   5  0  

Penalty Kill - 3 Players Defense
   Defense                  Defense                  Time % Phy DF OF 
 1 Jay Bouwmeester          PK Subban                50     0   5  0  
 2 Justin Schultz           Cody Ceci                50     0   5  0  

4 vs 4 Forward 
   Center                   Wing                     Time % Phy DF OF 
 1 Henrik Sedin             Marian Hossa             50     0   2  3  
 2 Jaden Schwartz           Max Pacioretty           50     0   2  3  

4 vs 4 Defense
   Defense                  Defense                  Time % Phy DF OF 
 1 Jay Bouwmeester          PK Subban                50     0   3  2  
 2 Justin Schultz           Cody Ceci                50     0   3  2  

Last Minutes Offensive
   Center                   Left Wing                Right Wing               Defense                  Defense                  
   Henrik Sedin             Jaden Schwartz           Marian Hossa             PK Subban                Erik Karlsson            

Last Minutes Defensive
   Center                   Left Wing                Right Wing               Defense                  Defense                  
   Henrik Sedin             Jaden Schwartz           Marian Hossa             Jay Bouwmeester          Zdeno Chara              

Goaltenders
Starting : Connor Hellebuyck        
Backup : Jonas Hiller             

Extra Forwards
Normal : Henrik Sedin, Jaden Schwartz, Vladimir Tarasenko - PP : Marian Hossa, Connor Sheary - PK : Stephen Weiss
Extra Defensemen
Normal : Justin Schultz, Cody Ceci, Tyson Barrie - PP : Erik Karlsson - PK : PK Subban, Jay Bouwmeester
Penalty Shots
Brad Richards, Marian Hossa, Vladimir Tarasenko, Jay Bouwmeester, Henrik Sedin
Custom OT Lines Forwards
Connor Sheary, Marian Hossa, Henrik Sedin, Max Pacioretty, Jaden Schwartz, Vladimir Tarasenko, Brad Richards, Zenon Konopka, Stephen Weiss, 
Custom OT Lines Defensemen
Jay Bouwmeester, Justin Schultz, PK Subban, Tyson Barrie, Cody Ceci

Scratches
None


% Time on Ice - Ducks

Lines # - Real PCT - Wanted PCT - Time Play
Normal Forward
1 - 32% - 32% - 12:28
2 - 29% - 30% - 11:17
3 - 26% - 28% - 10:02
4 - 14% - 10% - 5:27
Normal Defense
1 - 40% - 38% - 15:30
2 - 27% - 37% - 10:44
3 - 31% - 25% - 12:04
4 - 2% - 0% - 0:56
PP Forward
1 - 50% - 60% - 3:17
2 - 50% - 40% - 3:19
PP Defense
1 - 43% - 60% - 2:50
2 - 57% - 40% - 3:46
PK Forward
1 - 53% - 55% - 5:47
2 - 47% - 45% - 5:04
PK Defense
1 - 50% - 55% - 5:23
2 - 50% - 45% - 5:28
PK3 Forward
1 - 0% - 55%
2 - 0% - 45%
PK3 Defense
1 - 0% - 55%
2 - 0% - 45%
44 Forward
1 - 73% - 55% - 2:26
2 - 27% - 45% - 0:53
44 Defense
1 - 73% - 55% - 2:26
2 - 27% - 45% - 0:53
Last Minute Offensive  - 0:00
Last Minute Defensive  - 0:00
Total
Forward - 60:00
Defense - 60:00

% Time on Ice - Kings

Lines # - Real PCT - Wanted PCT - Time Play
Normal Forward
1 - 33% - 34% - 12:47
2 - 36% - 34% - 14:14
3 - 30% - 32% - 11:49
4 - 1% - 0% - 0:24
Normal Defense
1 - 34% - 35% - 13:21
2 - 33% - 35% - 13:00
3 - 33% - 30% - 12:53
4 - 0% - 0% - 0:00
PP Forward
1 - 48% - 55% - 5:14
2 - 52% - 45% - 5:37
PP Defense
1 - 35% - 50% - 3:45
2 - 65% - 50% - 7:06
PK Forward
1 - 76% - 60% - 5:02
2 - 24% - 40% - 1:34
PK Defense
1 - 42% - 60% - 2:46
2 - 58% - 40% - 3:50
PK3 Forward
1 - 0% - 50%
2 - 0% - 50%
PK3 Defense
1 - 0% - 50%
2 - 0% - 50%
44 Forward
1 - 56% - 50% - 1:51
2 - 44% - 50% - 1:28
44 Defense
1 - 73% - 50% - 2:26
2 - 27% - 50% - 0:53
Last Minute Offensive  - 0:00
Last Minute Defensive  - 0:00
Total
Forward - 60:00
Defense - 60:00

Play by Play

1st period


0:01 of 1st period - Henrik Sedin wins face-off versus Mike Richards in neutral zone.
0:08 of 1st period - Minor Penalty to PK Subban for Slashing.
0:09 of 1st period - Stephen Weiss wins face-off versus Adam Taylor in Kings zone.
0:09 of 1st period - Stephen Weiss is hit by Mike Richards.
0:35 of 1st period - Shot by Mike Richards.
0:35 of 1st period - Stopped by Connor Hellebuyck without a rebound.
0:36 of 1st period - Petteri Wirtanen wins face-off versus Stephen Weiss in Kings zone.
0:39 of 1st period - Shot by Craig Weller.
0:39 of 1st period - Stopped by Connor Hellebuyck without a rebound.
0:40 of 1st period - Stephen Weiss wins face-off versus Petteri Wirtanen in Kings zone.
1:45 of 1st period - Shot by Justin Braun.
1:45 of 1st period - Shot Misses the Net.
1:47 of 1st period - Shot by Adam Taylor.
1:47 of 1st period - Stopped by Connor Hellebuyck with a rebound.
1:49 of 1st period - Shot by Justin Braun.
1:49 of 1st period - Shot Misses the Net.
2:17 of 1st period - Shot by Marcus Johansson.
2:17 of 1st period - Stopped by Connor Hellebuyck without a rebound.
2:18 of 1st period - Stephen Weiss wins face-off versus Nicklas Bergfors in Kings zone.
3:11 of 1st period - Vladimir Tarasenko is hit by Nicklas Bergfors and loses puck.
3:33 of 1st period - Off-side.
3:34 of 1st period - Ryan Johansen wins face-off versus Henrik Sedin in neutral zone.
3:41 of 1st period - Shot by Marian Hossa.
3:41 of 1st period - Shot Misses the Net.
4:02 of 1st period - Shot by Max Pacioretty.
4:02 of 1st period - Stopped by Jonathan Boutin without a rebound.
4:03 of 1st period - Mike Richards wins face-off versus Vladimir Tarasenko in Ducks zone.
4:30 of 1st period - Shot by Tyson Barrie.
4:30 of 1st period - Shot Misses the Net.
4:34 of 1st period - Shot by Jaden Schwartz.
4:34 of 1st period - Stopped by Jonathan Boutin without a rebound.
4:35 of 1st period - David Moss wins face-off versus Henrik Sedin in Ducks zone.
4:50 of 1st period - Charles Linglet is hit by Marian Hossa.
5:01 of 1st period - Minor Penalty to Petteri Wirtanen for Hooking.
5:02 of 1st period - Brooks Laich wins face-off versus Jaden Schwartz in Ducks zone.
5:02 of 1st period - Brooks Laich is hit by Jaden Schwartz.
5:57 of 1st period - Shot by Marian Hossa.
5:57 of 1st period - Shot Blocked by Justin Braun.
5:59 of 1st period - Shot by Marian Hossa.
5:59 of 1st period - Stopped by Jonathan Boutin without a rebound.
6:00 of 1st period - Marian Hossa wins face-off versus Brooks Laich in Ducks zone.
6:01 of 1st period - Shot by Henrik Sedin.
6:01 of 1st period - Shot Misses the Net.
6:18 of 1st period - Shot by Erik Karlsson.
6:18 of 1st period - Stopped by Jonathan Boutin without a rebound.
6:19 of 1st period - Henrik Sedin wins face-off versus Brooks Laich in Ducks zone.
6:20 of 1st period - Shot by PK Subban.
6:20 of 1st period - Goal by PK Subban - Ducks : 0 - Kings : 1.
6:21 of 1st period - Marian Hossa wins face-off versus Ryan Johansen in neutral zone.
6:21 of 1st period - Marian Hossa is hit by Adam Taylor.
6:24 of 1st period - Jay Bouwmeester is hit by Adam Taylor and loses puck.
6:48 of 1st period - Shot by Adam Taylor.
6:48 of 1st period - Shot Misses the Net.
6:59 of 1st period - Shot by Marian Hossa.
6:59 of 1st period - Stopped by Jonathan Boutin without a rebound.
7:00 of 1st period - Mike Richards wins face-off versus Stephen Weiss in Ducks zone.
7:00 of 1st period - Mike Richards is hit by Zenon Konopka.
7:13 of 1st period - Shot by Stephen Weiss.
7:13 of 1st period - Shot Misses the Net.
7:26 of 1st period - Icing by Zdeno Chara.
7:27 of 1st period - Stephen Weiss wins face-off versus Petteri Wirtanen in Kings zone.
7:27 of 1st period - Stephen Weiss is hit by Petteri Wirtanen.
7:41 of 1st period - Shot by Connor Sheary.
7:41 of 1st period - Deflect By Stephen Weiss.
7:41 of 1st period - Stopped by Jonathan Boutin with a rebound.
8:23 of 1st period - Icing by Erik Karlsson.
8:24 of 1st period - Mike Richards wins face-off versus Brad Richards in Kings zone.
8:24 of 1st period - Mike Richards is hit by PK Subban.
8:33 of 1st period - Off-side.
8:34 of 1st period - Ryan Johansen wins face-off versus Henrik Sedin in neutral zone.
9:03 of 1st period - Shot by Marian Hossa.
9:03 of 1st period - Stopped by Jonathan Boutin without a rebound.
9:04 of 1st period - Mike Richards wins face-off versus Brad Richards in Ducks zone.
10:15 of 1st period - Minor Penalty to Charles Linglet for Tripping.
10:16 of 1st period - Henrik Sedin wins face-off versus Brooks Laich in Ducks zone.
10:27 of 1st period - Shot by Marian Hossa.
10:27 of 1st period - Shot Misses the Net.
10:29 of 1st period - Shot by Marian Hossa.
10:29 of 1st period - Stopped by Jonathan Boutin without a rebound.
10:30 of 1st period - Jaden Schwartz wins face-off versus Brooks Laich in Ducks zone.
10:44 of 1st period - Icing by Connor Sheary.
10:45 of 1st period - Brooks Laich wins face-off versus Jaden Schwartz in Kings zone.
11:12 of 1st period - Shot by Jaden Schwartz.
11:12 of 1st period - Goal by Jaden Schwartz - Ducks : 0 - Kings : 2.
11:13 of 1st period - Ryan Johansen wins face-off versus Henrik Sedin in neutral zone.
11:57 of 1st period - Icing by Justin Braun.
11:58 of 1st period - Ryan Johansen wins face-off versus Stephen Weiss in Ducks zone.
11:58 of 1st period - Christopher Tanev is hit by Zenon Konopka and loses puck.
12:14 of 1st period - Icing by Justin Schultz.
12:15 of 1st period - Petteri Wirtanen wins face-off versus Stephen Weiss in Kings zone.
12:15 of 1st period - Petteri Wirtanen is hit by Jay Bouwmeester.
12:36 of 1st period - Minor Penalty to Zenon Konopka for Interference.
12:37 of 1st period - Stephen Weiss wins face-off versus Petteri Wirtanen in Kings zone.
13:08 of 1st period - Shot by Charles Linglet.
13:08 of 1st period - Stopped by Connor Hellebuyck with a rebound.
13:51 of 1st period - Icing by Adam Taylor.
13:52 of 1st period - Mike Richards wins face-off versus Stephen Weiss in Ducks zone.
14:31 of 1st period - Shot by Craig Weller.
14:31 of 1st period - Shot Misses the Net.
15:09 of 1st period - Minor Penalty to Craig Weller for Hooking.
15:10 of 1st period - Jaden Schwartz wins face-off versus Brooks Laich in Ducks zone.
15:25 of 1st period - Shot by Vladimir Tarasenko.
15:25 of 1st period - Shot Misses the Net.
15:27 of 1st period - Shot by Jaden Schwartz.
15:27 of 1st period - Shot Misses the Net.
15:29 of 1st period - Shot by Zdeno Chara.
15:29 of 1st period - Stopped by Jonathan Boutin with a rebound.
15:31 of 1st period - Shot by Zdeno Chara.
15:31 of 1st period - Stopped by Jonathan Boutin without a rebound.
15:32 of 1st period - Mike Richards wins face-off versus Marian Hossa in Ducks zone.
15:47 of 1st period - Shot by Erik Karlsson.
15:47 of 1st period - Stopped by Jonathan Boutin without a rebound.
15:48 of 1st period - Mike Richards wins face-off versus Jaden Schwartz in Ducks zone.
16:13 of 1st period - Icing by Cody Ceci.
16:14 of 1st period - Brooks Laich wins face-off versus Jaden Schwartz in Kings zone.
16:19 of 1st period - Shot by Jiri Hudler.
16:19 of 1st period - Shot Blocked by Cody Ceci.
17:09 of 1st period - Shot by Henrik Sedin.
17:09 of 1st period - Stopped by Jonathan Boutin without a rebound.
17:10 of 1st period - Stephen Weiss wins face-off versus Ryan Johansen in Ducks zone.
17:25 of 1st period - Shot by Ryan Johansen.
17:25 of 1st period - Shot Misses the Net.
17:27 of 1st period - Shot by Craig Weller.
17:27 of 1st period - Deflect By Adam Taylor.
17:27 of 1st period - Shot Blocked by Jay Bouwmeester.
17:53 of 1st period - Shot by Adam Taylor.
17:53 of 1st period - Shot Blocked by Justin Schultz.
18:33 of 1st period - Shot by Jaden Schwartz.
18:33 of 1st period - Stopped by Jonathan Boutin without a rebound.
18:34 of 1st period - Henrik Sedin wins face-off versus Jiri Hudler in Ducks zone.
18:57 of 1st period - Shot by Henrik Sedin.
18:57 of 1st period - Shot Misses the Net.
18:59 of 1st period - Shot by Max Pacioretty.
18:59 of 1st period - Shot Misses the Net.
19:26 of 1st period - Icing by Justin Braun.
19:27 of 1st period - Mike Richards wins face-off versus Brad Richards in Ducks zone.
19:29 of 1st period - Icing by Christopher Tanev.
19:30 of 1st period - Mike Richards wins face-off versus Brad Richards in Ducks zone.
19:39 of 1st period - Shot by Jaden Schwartz.
19:39 of 1st period - Shot Blocked by Christopher Tanev.
19:43 of 1st period - Shot by Jaden Schwartz.
19:43 of 1st period - Deflect By Vladimir Tarasenko.
19:43 of 1st period - Shot Misses the Net.
19:45 of 1st period - Shot by Tyson Barrie.
19:45 of 1st period - Shot Misses the Net.
19:47 of 1st period - Shot by Vladimir Tarasenko.
19:47 of 1st period - Shot Misses the Net.
Goals for this period are 0 for Ducks vs 2 for Kings.
Shots for this period are 5 for Ducks vs 15 for Kings.

2nd period


0:01 of 2nd period - Petteri Wirtanen wins face-off versus Brad Richards in neutral zone.
0:26 of 2nd period - Shot by Tyson Barrie.
0:26 of 2nd period - Shot Blocked by David Moss.
0:55 of 2nd period - Christopher Tanev is hit by Jaden Schwartz and loses puck.
1:59 of 2nd period - Marian Hossa is hit by Justin Braun and loses puck.
2:02 of 2nd period - Shot by Henrik Sedin.
2:02 of 2nd period - Shot Misses the Net.
2:04 of 2nd period - Shot by Jay Bouwmeester.
2:04 of 2nd period - Goal by Jay Bouwmeester - Ducks : 0 - Kings : 3.
2:05 of 2nd period - Mike Richards wins face-off versus Henrik Sedin in neutral zone.
2:20 of 2nd period - Shot by Max Pacioretty.
2:20 of 2nd period - Stopped by Jonathan Boutin without a rebound.
2:21 of 2nd period - Petteri Wirtanen wins face-off versus Brad Richards in Ducks zone.
2:30 of 2nd period - Vladimir Tarasenko is hit by Petteri Wirtanen.
2:37 of 2nd period - Jaden Schwartz is hit by Craig Weller and loses puck.
2:45 of 2nd period - Icing by Craig Weller.
2:46 of 2nd period - Petteri Wirtanen wins face-off versus Henrik Sedin in Ducks zone.
2:46 of 2nd period - Petteri Wirtanen is hit by Marian Hossa.
3:40 of 2nd period - Jay Bouwmeester is hit by Dan Girardi and loses puck.
3:58 of 2nd period - Icing by Raphael Diaz.
3:59 of 2nd period - Brad Richards wins face-off versus Mike Richards in Ducks zone.
3:59 of 2nd period - Vladimir Tarasenko is hit by Dan Girardi and loses puck.
4:13 of 2nd period - Brad Richards is hit by Mike Richards and loses puck.
4:58 of 2nd period - Icing by Justin Braun.
4:59 of 2nd period - Ryan Johansen wins face-off versus Connor Sheary in Ducks zone.
5:07 of 2nd period - Shot by Justin Braun.
5:07 of 2nd period - Stopped by Connor Hellebuyck without a rebound.
5:08 of 2nd period - Stephen Weiss wins face-off versus David Moss in Kings zone.
5:48 of 2nd period - Charles Linglet is hit by Zenon Konopka and loses puck.
5:59 of 2nd period - David Moss is hit by Marian Hossa and loses puck.
6:07 of 2nd period - Icing by Alexandre R. Picard.
6:08 of 2nd period - Brad Richards wins face-off versus David Moss in Ducks zone.
6:17 of 2nd period - Shot by Brad Richards.
6:17 of 2nd period - Stopped by Jonathan Boutin without a rebound.
6:18 of 2nd period - Mike Richards wins face-off versus Max Pacioretty in Ducks zone.
6:41 of 2nd period - Shot by Ryane Clowe.
6:41 of 2nd period - Stopped by Connor Hellebuyck with a rebound.
6:43 of 2nd period - Shot by Ryane Clowe.
6:43 of 2nd period - Shot Misses the Net.
6:45 of 2nd period - Shot by Jiri Hudler.
6:45 of 2nd period - Shot Blocked by Henrik Sedin.
6:47 of 2nd period - Shot by Mike Richards.
6:47 of 2nd period - Deflect By Jiri Hudler.
6:47 of 2nd period - Stopped by Connor Hellebuyck without a rebound.
6:48 of 2nd period - Ryan Johansen wins face-off versus Jaden Schwartz in Kings zone.
7:04 of 2nd period - Vladimir Tarasenko is hit by Christopher Tanev and loses puck.
7:14 of 2nd period - Brad Richards is hit by Justin Braun and loses puck.
7:56 of 2nd period - Zdeno Chara is hit by Dan Girardi.
8:22 of 2nd period - Minor Penalty to Mike Richards for Hooking.
8:23 of 2nd period - Brooks Laich wins face-off versus Henrik Sedin in Ducks zone.
8:42 of 2nd period - Shot by Marian Hossa.
8:42 of 2nd period - Shot Misses the Net.
8:44 of 2nd period - Shot by Marian Hossa.
8:44 of 2nd period - Shot Misses the Net.
8:46 of 2nd period - Shot by Zdeno Chara.
8:46 of 2nd period - Deflect By Marian Hossa.
8:46 of 2nd period - Shot Misses the Net.
8:48 of 2nd period - Shot by Marian Hossa.
8:48 of 2nd period - Stopped by Jonathan Boutin without a rebound.
8:49 of 2nd period - Jaden Schwartz wins face-off versus Brooks Laich in Ducks zone.
9:01 of 2nd period - Minor Penalty to Connor Sheary for Hooking.
9:02 of 2nd period - Ryan Johansen wins face-off versus Henrik Sedin in Kings zone.
9:05 of 2nd period - Shot by Ryan Johansen.
9:05 of 2nd period - Stopped by Connor Hellebuyck without a rebound.
9:06 of 2nd period - Ryan Johansen wins face-off versus Jaden Schwartz in Kings zone.
9:21 of 2nd period - Justin Braun is hit by Jaden Schwartz and loses puck.
9:29 of 2nd period - Icing by Ryan Johansen.
9:30 of 2nd period - Henrik Sedin wins face-off versus Ryan Johansen in Ducks zone.
9:36 of 2nd period - Ryan Johansen is hit by Marian Hossa.
10:06 of 2nd period - Shot by Marian Hossa.
10:06 of 2nd period - Deflect By Henrik Sedin.
10:06 of 2nd period - Shot Blocked by Justin Braun.
10:08 of 2nd period - Shot by Cody Ceci.
10:08 of 2nd period - Shot Misses the Net.
10:10 of 2nd period - Shot by Marian Hossa.
10:10 of 2nd period - Shot Misses the Net.
10:14 of 2nd period - Shot by Henrik Sedin.
10:14 of 2nd period - Deflect By Marian Hossa.
10:14 of 2nd period - Shot Misses the Net.
11:56 of 2nd period - Shot by Mike Richards.
11:56 of 2nd period - Shot Blocked by Erik Karlsson.
11:58 of 2nd period - Shot by Christopher Tanev.
11:58 of 2nd period - Shot Misses the Net.
12:16 of 2nd period - Minor Penalty to Petteri Wirtanen for Roughing.
12:17 of 2nd period - Henrik Sedin wins face-off versus Mike Richards in Ducks zone.
12:26 of 2nd period - Shot by Marian Hossa.
12:26 of 2nd period - Shot Misses the Net.
12:28 of 2nd period - Shot by Max Pacioretty.
12:28 of 2nd period - Stopped by Jonathan Boutin without a rebound.
12:29 of 2nd period - Brooks Laich wins face-off versus Henrik Sedin in Ducks zone.
12:51 of 2nd period - Icing by Zdeno Chara.
12:52 of 2nd period - Henrik Sedin wins face-off versus Brooks Laich in Kings zone.
12:52 of 2nd period - Henrik Sedin is hit by Brooks Laich.
13:04 of 2nd period - Shot by Max Pacioretty.
13:04 of 2nd period - Stopped by Jonathan Boutin without a rebound.
13:05 of 2nd period - Mike Richards wins face-off versus Jaden Schwartz in Ducks zone.
13:16 of 2nd period - Shot by PK Subban.
13:16 of 2nd period - Shot Blocked by Justin Braun.
13:27 of 2nd period - Icing by PK Subban.
13:28 of 2nd period - Mike Richards wins face-off versus Jaden Schwartz in Kings zone.
13:41 of 2nd period - Raphael Diaz is hit by Jaden Schwartz and loses puck.
13:57 of 2nd period - Icing by Marian Hossa.
13:58 of 2nd period - Henrik Sedin wins face-off versus David Moss in Kings zone.
14:11 of 2nd period - Shot by Cody Ceci.
14:11 of 2nd period - Shot Blocked by Mike Richards.
14:13 of 2nd period - Shot by Marian Hossa.
14:13 of 2nd period - Shot Misses the Net.
14:15 of 2nd period - Shot by Max Pacioretty.
14:15 of 2nd period - Stopped by Jonathan Boutin without a rebound.
14:16 of 2nd period - Stephen Weiss wins face-off versus Ryan Johansen in Ducks zone.
14:23 of 2nd period - Shot by Connor Sheary.
14:23 of 2nd period - Stopped by Jonathan Boutin without a rebound.
14:24 of 2nd period - Petteri Wirtanen wins face-off versus Henrik Sedin in Ducks zone.
14:26 of 2nd period - Icing by Dan Girardi.
14:27 of 2nd period - Petteri Wirtanen wins face-off versus Stephen Weiss in Ducks zone.
14:33 of 2nd period - Minor Penalty to Dan Girardi for Hooking.
14:34 of 2nd period - Henrik Sedin wins face-off versus Brooks Laich in Ducks zone.
15:02 of 2nd period - Shot by PK Subban.
15:02 of 2nd period - Stopped by Jonathan Boutin without a rebound.
15:03 of 2nd period - Jiri Hudler wins face-off versus Jaden Schwartz in Ducks zone.
15:43 of 2nd period - Shot by Mike Richards.
15:43 of 2nd period - Deflect By David Moss.
15:43 of 2nd period - Shot Hit the Post.
17:49 of 2nd period - Adam Taylor is hit by PK Subban.
18:08 of 2nd period - Icing by Adam Taylor.
18:09 of 2nd period - Henrik Sedin wins face-off versus Ryan Johansen in Ducks zone.
18:10 of 2nd period - Shot by Jaden Schwartz.
18:10 of 2nd period - Deflect By Vladimir Tarasenko.
18:10 of 2nd period - Shot Blocked by Christopher Tanev.
18:32 of 2nd period - Shot by Adam Taylor.
18:32 of 2nd period - Deflect By Brooks Laich.
18:32 of 2nd period - Stopped by Connor Hellebuyck without a rebound.
18:33 of 2nd period - Petteri Wirtanen wins face-off versus Connor Sheary in Kings zone.
18:45 of 2nd period - Raphael Diaz is hit by Jay Bouwmeester and loses puck.
18:46 of 2nd period - Raphael Diaz from Ducks is injured at 18:46 of 2nd period (Bruised Left Shoulder).
18:47 of 2nd period - Brad Richards wins face-off versus Mike Richards in Kings zone.
19:06 of 2nd period - Shot by Vladimir Tarasenko.
19:06 of 2nd period - Shot Blocked by Alexandre R. Picard.
19:16 of 2nd period - Shot by Vladimir Tarasenko.
19:16 of 2nd period - Stopped by Jonathan Boutin without a rebound.
19:17 of 2nd period - Petteri Wirtanen wins face-off versus Stephen Weiss in Ducks zone.
19:17 of 2nd period - Petteri Wirtanen is hit by Zenon Konopka.
19:20 of 2nd period - Charles Linglet is hit by Zenon Konopka and loses puck.
19:46 of 2nd period - Icing by Jay Bouwmeester.
19:47 of 2nd period - Ryan Johansen wins face-off versus Stephen Weiss in Kings zone.
Goals for this period are 0 for Ducks vs 1 for Kings.
Shots for this period are 5 for Ducks vs 10 for Kings.

3rd period


0:01 of 3rd period - Henrik Sedin wins face-off versus Petteri Wirtanen in neutral zone.
0:06 of 3rd period - Shot by Max Pacioretty.
0:06 of 3rd period - Stopped by Jonathan Boutin without a rebound.
0:07 of 3rd period - Henrik Sedin wins face-off versus Petteri Wirtanen in Ducks zone.
0:14 of 3rd period - Shot by Petteri Wirtanen.
0:14 of 3rd period - Stopped by Connor Hellebuyck without a rebound.
0:15 of 3rd period - Henrik Sedin wins face-off versus Ryane Clowe in Kings zone.
0:30 of 3rd period - Henrik Sedin is hit by Mike Richards and loses puck.
0:47 of 3rd period - Shot by Max Pacioretty.
0:47 of 3rd period - Shot Misses the Net.
1:04 of 3rd period - Icing by Dan Girardi.
1:05 of 3rd period - Brad Richards wins face-off versus Mike Richards in Ducks zone.
1:17 of 3rd period - Icing by Dan Girardi.
1:18 of 3rd period - Mike Richards wins face-off versus Stephen Weiss in Ducks zone.
1:20 of 3rd period - Icing by Dan Girardi.
1:21 of 3rd period - Brad Richards wins face-off versus Mike Richards in Ducks zone.
1:55 of 3rd period - Shot by Jaden Schwartz.
1:55 of 3rd period - Shot Misses the Net.
1:57 of 3rd period - Shot by Brad Richards.
1:57 of 3rd period - Shot Blocked by David Moss.
1:59 of 3rd period - Shot by PK Subban.
1:59 of 3rd period - Stopped by Jonathan Boutin without a rebound.
2:00 of 3rd period - Stephen Weiss wins face-off versus Ryan Johansen in Ducks zone.
2:08 of 3rd period - Icing by Stephen Weiss.
2:09 of 3rd period - Stephen Weiss wins face-off versus Petteri Wirtanen in Kings zone.
2:36 of 3rd period - Shot by Stephen Weiss.
2:36 of 3rd period - Deflect By Connor Sheary.
2:36 of 3rd period - Stopped by Jonathan Boutin without a rebound.
2:37 of 3rd period - Ryan Johansen wins face-off versus Henrik Sedin in Ducks zone.
2:49 of 3rd period - Max Pacioretty is hit by Christopher Tanev and loses puck.
3:22 of 3rd period - Icing by Christopher Tanev.
3:23 of 3rd period - Ryan Johansen wins face-off versus Brad Richards in Ducks zone.
3:46 of 3rd period - Jaden Schwartz is hit by Charles Linglet.
3:51 of 3rd period - PK Subban is hit by Dan Girardi and loses puck.
4:00 of 3rd period - Shot by Jaden Schwartz.
4:00 of 3rd period - Stopped by Jonathan Boutin without a rebound.
4:01 of 3rd period - Mike Richards wins face-off versus Stephen Weiss in Ducks zone.
4:35 of 3rd period - Icing by Justin Schultz.
4:36 of 3rd period - Stephen Weiss wins face-off versus Petteri Wirtanen in Kings zone.
4:36 of 3rd period - Stephen Weiss is hit by Petteri Wirtanen.
4:41 of 3rd period - Minor Penalty to Charles Linglet for Hooking.
4:42 of 3rd period - Henrik Sedin wins face-off versus Brooks Laich in Ducks zone.
4:53 of 3rd period - Shot by Marian Hossa.
4:53 of 3rd period - Stopped by Jonathan Boutin without a rebound.
4:54 of 3rd period - Henrik Sedin wins face-off versus Brooks Laich in Ducks zone.
5:15 of 3rd period - Shot by Henrik Sedin.
5:15 of 3rd period - Stopped by Jonathan Boutin with a rebound.
5:23 of 3rd period - Shot by Zdeno Chara.
5:23 of 3rd period - Shot Blocked by Dan Girardi.
6:19 of 3rd period - Shot by Erik Karlsson.
6:19 of 3rd period - Stopped by Jonathan Boutin without a rebound.
6:20 of 3rd period - Brooks Laich wins face-off versus Henrik Sedin in Ducks zone.
6:46 of 3rd period - Off-side.
6:47 of 3rd period - Bill Thomas wins face-off versus Brad Richards in neutral zone.
6:52 of 3rd period - Jay Bouwmeester is hit by Craig Weller.
7:55 of 3rd period - Shot by Ryan Johansen.
7:55 of 3rd period - Shot Misses the Net.
7:57 of 3rd period - Shot by Ryan Johansen.
7:57 of 3rd period - Deflect By Adam Taylor.
7:57 of 3rd period - Shot Blocked by Jaden Schwartz.
7:59 of 3rd period - Shot by Christopher Tanev.
7:59 of 3rd period - Shot Misses the Net.
9:09 of 3rd period - Minor Penalty to Vladimir Tarasenko for Holding.
9:09 of 3rd period - Minor Penalty to Charles Linglet for Hooking.
9:10 of 3rd period - Ryan Johansen wins face-off versus Henrik Sedin in neutral zone.
9:56 of 3rd period - Ryan Johansen is hit by Marian Hossa and loses puck.
10:15 of 3rd period - Icing by Zdeno Chara.
10:16 of 3rd period - Zenon Konopka wins face-off versus Bill Thomas in Kings zone.
10:39 of 3rd period - Shot by Bill Thomas.
10:39 of 3rd period - Shot Misses the Net.
10:57 of 3rd period - Dan Girardi is hit by Zenon Konopka and loses puck.
11:08 of 3rd period - Marian Hossa is hit by Marcus Johansson and loses puck.
11:15 of 3rd period - Shot by Jiri Hudler.
11:15 of 3rd period - Stopped by Connor Hellebuyck without a rebound.
11:16 of 3rd period - Mike Richards wins face-off versus Stephen Weiss in Kings zone.
11:17 of 3rd period - Shot by Jiri Hudler.
11:17 of 3rd period - Stopped by Connor Hellebuyck without a rebound.
11:18 of 3rd period - Mike Richards wins face-off versus Henrik Sedin in Kings zone.
11:51 of 3rd period - Shot by Ryane Clowe.
11:51 of 3rd period - Shot Blocked by Erik Karlsson.
11:58 of 3rd period - PK Subban is hit by Craig Weller and loses puck.
12:52 of 3rd period - Christopher Tanev is hit by Zenon Konopka and loses puck.
13:36 of 3rd period - Shot by Charles Linglet.
13:36 of 3rd period - Stopped by Connor Hellebuyck without a rebound.
13:37 of 3rd period - Henrik Sedin wins face-off versus Bill Thomas in Kings zone.
13:50 of 3rd period - Off-side.
13:51 of 3rd period - Max Pacioretty wins face-off versus Ryane Clowe in neutral zone.
13:51 of 3rd period - Max Pacioretty is hit by Mike Richards.
14:14 of 3rd period - Shot by Ryane Clowe.
14:14 of 3rd period - Shot Misses the Net.
14:16 of 3rd period - Shot by Jiri Hudler.
14:16 of 3rd period - Deflect By Mike Richards.
14:16 of 3rd period - Goal by Mike Richards - Ducks : 1 - Kings : 3.
14:17 of 3rd period - Petteri Wirtanen wins face-off versus Brad Richards in neutral zone.
14:42 of 3rd period - Off-side.
14:43 of 3rd period - Stephen Weiss wins face-off versus Ryan Johansen in neutral zone.
15:07 of 3rd period - Off-side.
15:08 of 3rd period - Mike Richards wins face-off versus Henrik Sedin in neutral zone.
15:17 of 3rd period - Shot by Mike Richards.
15:17 of 3rd period - Stopped by Connor Hellebuyck without a rebound.
15:18 of 3rd period - Petteri Wirtanen wins face-off versus Brad Richards in Kings zone.
15:19 of 3rd period - Shot by Christopher Tanev.
15:19 of 3rd period - Shot Blocked by Zdeno Chara.
15:24 of 3rd period - Zdeno Chara is hit by Charles Linglet and loses puck.
15:35 of 3rd period - Shot by Vladimir Tarasenko.
15:35 of 3rd period - Stopped by Jonathan Boutin without a rebound.
15:36 of 3rd period - Henrik Sedin wins face-off versus Ryan Johansen in Ducks zone.
15:44 of 3rd period - Ryan Johansen is hit by Marian Hossa and loses puck.
15:48 of 3rd period - Off-side.
15:49 of 3rd period - Stephen Weiss wins face-off versus Mike Richards in neutral zone.
16:01 of 3rd period - Connor Sheary is hit by Dan Girardi and loses puck.
16:31 of 3rd period - Shot by Stephen Weiss.
16:31 of 3rd period - Stopped by Jonathan Boutin with a rebound.
16:57 of 3rd period - Shot by Marian Hossa.
16:57 of 3rd period - Shot Blocked by Justin Braun.
16:59 of 3rd period - Shot by Marian Hossa.
16:59 of 3rd period - Goal by Marian Hossa - Ducks : 1 - Kings : 4.
17:00 of 3rd period - Brad Richards wins face-off versus Petteri Wirtanen in neutral zone.
17:11 of 3rd period - Shot by Justin Schultz.
17:11 of 3rd period - Stopped by Jonathan Boutin without a rebound.
17:12 of 3rd period - Henrik Sedin wins face-off versus Brooks Laich in Ducks zone.
17:13 of 3rd period - Shot by Max Pacioretty.
17:13 of 3rd period - Stopped by Jonathan Boutin without a rebound.
17:14 of 3rd period - Henrik Sedin wins face-off versus Ryan Johansen in Ducks zone.
17:24 of 3rd period - Max Pacioretty is hit by Craig Weller and loses puck.
17:31 of 3rd period - Craig Weller is hit by Marian Hossa and loses puck.
17:41 of 3rd period - Minor Penalty to Marian Hossa for High sticking.
17:42 of 3rd period - Stephen Weiss wins face-off versus Petteri Wirtanen in Kings zone.
18:01 of 3rd period - Shot by Justin Braun.
18:01 of 3rd period - Stopped by Connor Hellebuyck without a rebound.
18:02 of 3rd period - Mike Richards wins face-off versus Stephen Weiss in Kings zone.
18:09 of 3rd period - Mike Richards is hit by Jay Bouwmeester and loses puck.
18:37 of 3rd period - Shot by Dan Girardi.
18:37 of 3rd period - Stopped by Connor Hellebuyck without a rebound.
18:38 of 3rd period - Henrik Sedin wins face-off versus Petteri Wirtanen in Kings zone.
19:01 of 3rd period - Shot by Justin Braun.
19:01 of 3rd period - Stopped by Connor Hellebuyck with a rebound.
19:03 of 3rd period - Shot by Justin Braun.
19:03 of 3rd period - Stopped by Connor Hellebuyck without a rebound.
19:04 of 3rd period - Stephen Weiss wins face-off versus Mike Richards in Kings zone.
19:35 of 3rd period - Shot by Craig Weller.
19:35 of 3rd period - Shot Misses the Net.
Goals for this period are 1 for Ducks vs 1 for Kings.
Shots for this period are 10 for Ducks vs 12 for Kings.